 Dungeon Crawl Stone Soup version 0.28-a0-1624-g820543e53a (webtiles) character file.

Game seed: 17041141374189827023

60 horus123 the Changer (level 4, 0/33 HPs)
             Began as a Human Wanderer on Jan 23, 2022.
             Succumbed to an adder's poison
             ... on level 2 of the Dungeon.
             The game lasted 00:04:47 (1755 turns).

horus123 the Changer (Human Wanderer)               Turns: 1755, Time: 00:04:48

Health: 0/33       AC:  6    Str: 16    XL:     4   Next: 25%
Magic:  5/7        EV: 10    Int: 19    God:
Gold:   36         SH:  0    Dex: 10    Spells: 5/7 levels left

rFire   . . .      SeeInvis .   a - +3 spear
rCold   . . .      Faith    .   l - orb {*channel}
rNeg    . . .      Spirit   .   b - +0 ring mail
rPois   .          Reflect  .   (no helmet)
rElec   .          Harm     .   (no cloak)
rCorr   .          Rampage  .   c - +0 pair of gloves
Will    +....                   (no boots)
Stlth   ..........              (no amulet)
HPRegen 0.11/turn               f - ring of willpower
MPRegen 0.10/turn               g - +6 ring of intelligence

@: lethally poisoned (0 -> -9), wereblooded
A: no striking features
a: no special abilities


You were on level 2 of the Dungeon.
You visited 1 branch of the dungeon, and saw 2 of its levels.

You collected 36 gold pieces.

Inventory:

Hand Weapons
 a - a +3 spear (weapon)
Armour
 b - a +0 ring mail (worn)
 c - a +0 pair of gloves (worn)
 l - an orb of energy (worn)
Jewellery
 f - a ring of willpower (left hand)
 g - a +6 ring of intelligence (right hand)
Scrolls
 h - a scroll of enchant armour {unknown}
 j - 2 scrolls of identify {unknown}
 k - a scroll of fog {unknown}
Potions
 d - a potion of attraction {unknown}
 e - a potion of might {unknown}
 i - a potion of heal wounds {unknown}
 m - 2 potions of haste {unknown}


   Skills:
 - Level 2.0 Fighting
 - Level 2.0 Polearms
 - Level 3.0 Armour
 - Level 2.2 Spellcasting
 - Level 4.0 Transmutations
 + Level 1.4 Evocations


You had 5 spell levels left.
You knew the following spells:

 Your Spells              Type           Power      Damage    Failure   Level
a - Wereblood             Tmut           17%        N/A       9%          2

Your spell library contained the following spells:

 Spells                   Type           Power      Damage    Failure   Level
 Passwall                 Tmut/Erth      7%         N/A       21%         2
 Borgnjor's Revivificati  Necr           1%         N/A       100%        8
 Necromutation            Tmut/Necr      4%         N/A       100%        8
 Death's Door             Necr           1%         N/A       100%        9


Dungeon Overview and Level Annotations

Branches:
Dungeon (2/15)

Altars:

Shops:
D:2 *

Annotations:
D:2 Sigmund


Message History

The magic dart hits you.
You hit the frilled lizard.
You kill the frilled lizard!
An adder comes into view.
The adder hisses angrily.
Sigmund closely misses you.
Sorry, you're not good enough to have a special ability.
Casting: Wereblood (safe; 9% risk of failure)
Confirm with . or Enter, or press ? or * to list all spells.
Your blood is infused with primal strength.
You reach to attack!
You hit Sigmund but do no damage.
Sigmund says, "Look into my eyes."
Sigmund hits you from afar with a +3 scythe.
You reach to attack!
You hit Sigmund.
Sigmund is lightly wounded.
Sigmund closely misses you. The adder bites you but does no damage.
You miss the adder. The adder bites you.
You barely miss the adder. The adder bites you.
You are poisoned.
The adder poisons you!
Sigmund breathes a few words.
Sigmund's hands start flickering wildly.
Sigmund points at you and mumbles some strange words.
The puff of flame hits you!
You miss the adder.
You feel sick. The adder bites you.
* * * LOW HITPOINT WARNING * * *
You are lethally poisoned!
The adder poisons you!
Sigmund points at you and mumbles some strange words.
You resist with almost no effort. The adder barely misses you.
You puncture the adder!
The adder is severely wounded.
* * * LOW HITPOINT WARNING * * *
You feel very sick.
Sigmund hits you from afar with a +3 scythe.
* * * LOW HITPOINT WARNING * * *
The adder closely misses you.
You hit the adder but do no damage.
The adder is severely wounded.
You die...

.........##.... .######
..........##....
.......+..........##..#'
.......#..........###.#.
.......#..........# #.#.
.....?.#..........# #.#.
.....@.#..........###.#.
..........##........#...
.......@..##........#...
..####.S..##........#.#.
...................'...
...................####
....#...###.........#
....#...# ##........#
... #.... .....###+## ..
#...# ###..# #.#####
#... #..###.##..


You could see Sigmund and an adder.

Vanquished Creatures
  2 worms (D:2)
  A dart slug (D:1)
  9 bats
  4 endoplasms
  6 giant cockroaches
  5 goblins (D:1)
  A hobgoblin (D:1)
  4 jackals
  4 kobolds
  A quokka (D:1)
  A ball python (D:1)
  5 frilled lizards
  3 rats (D:1)
46 creatures vanquished.

Vanquished Creatures (others)
  2 plants (D:1)
2 creatures vanquished.

Grand Total: 48 creatures vanquished

Notes
Turn   | Place    | Note
-------+----------+-------------------------------------------
     0 | D:1      | horus123 the Human Wanderer began the quest for the Orb.
     0 | D:1      | horus123 set off with the following items: a +2 spear, a +0
                  | ring mail; and the following spells available to memorise:
                  | Wereblood, Passwall
     0 | D:1      | Reached XP level 1. HP: 13/13 MP: 2/2
    46 | D:1      | Reached skill level 1 in Fighting
   230 | D:1      | Reached XP level 2. HP: 20/21 MP: 3/3
   295 | D:1      | Learned a level 2 spell: Wereblood
   513 | D:1      | Reached XP level 3. HP: 27/27 MP: 5/5
  1322 | D:2      | Found Arioxt's Assorted Antiques.
  1332 | D:2      | Reached XP level 4. HP: 19/33 MP: 7/7
  1337 | D:2      | Reached skill level 1 in Evocations
  1742 | D:2      | Noticed Sigmund
  1755 | D:2      | Succumbed to an adder's poison

Illustrated notes

Levels and vault maps discovered:
D:1:      dpeg_arrival_more_subterranean_lakeside_camping, layout_rooms,
          chequers_big_river, minmay_strange_pillars, minmay_distorted
D:2:      layout_basic, serial_shops, shop, uniq_jessica, uniq_sigmund

Skill      XL: |  1  2  3  4 |
---------------+-------------+-----
Fighting       | 1 2 |  2.0
Spellcasting   | 2 |  2.2
Evocations     | 1 |  1.4
Polearms       | |  2.0
Armour         | |  3.0
Transmutations | |  4.0

Action                   |  1- 3 |  4- 6 || total
-------------------------+-------+-------++-------
Melee: Spear             |   112 |    32 ||   144
 Cast: Wereblood         |       |     1 ||     1
  Use: Scroll            |     1 |       ||     1
Armor: Ring mail         |    35 |     6 ||    41
Dodge: Dodged            |    55 |     9 ||    64

Table legend: (Time is in decaauts)
 A = Elapsed time spent in this place.
 B = Non-inter-level travel time spent in this place.
 C = Inter-level travel time spent in this place.
 D = Time resting spent in this place.
 E = Time spent auto-exploring this place.
 F = Levels seen in this place.
 G = Mean time per level.
                   A        B        C        D        E       F      G
               +--------+--------+--------+--------+--------+-----+--------+
         Total |   1768 |   1733 |     35 |    323 |   1034 |   2 |  884.0 |
       Dungeon |   1768 |   1733 |     35 |    323 |   1034 |   2 |  884.0 |
               +--------+--------+--------+--------+--------+-----+--------+

Top non-repeatable levels by time:
     D:1: 1265 daAuts
     D:2: 503 daAuts
